 Dungeon Crawl Stone Soup version 0.30-a0-54-g2e61a25929 (webtiles) character file.

Game seed: 17707200688935966331

52 jlumianski the Chopper (level 3, 0/28 HPs)
             Began as a Demonspawn Gladiator on Sept 8, 2022.
             Slain by a gnoll
             ... wielding a +0 whip of electrocution
              (4 damage)
             ... on level 2 of the Dungeon.
             The game lasted 00:03:30 (1510 turns).

jlumianski the Chopper (Demonspawn Gladiator)       Turns: 1510, Time: 00:03:31

Health: 0/28       AC: 10    Str: 16    XL:     3   Next: 60%
Magic:  3/3        EV: 10    Int:  9    God:
Gold:   20         SH:  0    Dex: 14    Spells: 2/2 levels left

rFire   . . .      SeeInvis .    a - +0 war axe
rCold   . . .      Faith    .    (no shield)
rNeg    . . .      Spirit   .    f - +0 scale mail
rPois   +          Reflect  .    c - +0 helmet
rElec   .          Harm     .    (no cloak)
rCorr   .          Rampage  .    (no gloves)
Will    .....                    (no boots)
Stlth   ..........               (no amulet)
HPRegen 0.09/turn                g - ring of poison resistance
MPRegen 0.08/turn                (no ring)

@: no status effects
A: yellow scales 2
a: no special abilities


You were on level 2 of the Dungeon.
You visited 1 branch of the dungeon, and saw 2 of its levels.

You collected 20 gold pieces.

Inventory:

Hand Weapons
 a - a +0 war axe (weapon)
Missiles
 d - 3 throwing nets (quivered)
 e - a javelin
 n - 14 stones
Armour
 b - a +0 leather armour
 c - a +0 helmet (worn)
 f - a +0 scale mail (worn)
Jewellery
 g - a ring of poison resistance (left hand)
 j - a ring of flight
Scrolls
 h - 3 scrolls of teleportation {unknown}
 i - a scroll of vulnerability {unknown}
 l - a scroll of noise {unknown}
 o - 2 scrolls of identify {unknown}
Potions
 k - a potion of lignification {unknown}
 m - 3 potions of curing {unknown}


   Skills:
 + Level 2.3 Fighting
 + Level 3.4 Axes
 + Level 2.0 Throwing
 + Level 1.1 Armour
 + Level 2.9 Dodging


You had 2 spell levels left.
You didn't know any spells.
Your spell library was empty.

Dungeon Overview and Level Annotations

Branches:
Dungeon (2/15)

Altars:


Innate Abilities, Weirdness & Mutations

You are mostly covered in yellow scales. (AC +3)


Message History

A gnoll comes into view.
It is wielding a +0 whip of electrocution.
The gnoll shouts!
Things that are here:
a +0 spear; a gnoll corpse
There is a stone staircase leading up, spattered with blood here.
You climb upwards.
There is a stone staircase leading down here.
You start resting.
HP restored.
You climb downwards.
The gnoll hits you but does no damage. The gnoll barely misses you.
There is a stone staircase leading up, spattered with blood here.
You hit the gnoll.
The gnoll is lightly wounded.
The gnoll hits you with a +0 whip of electrocution.
You are electrocuted!
Ouch! That really hurt!
* * * LOW HITPOINT WARNING * * *
You hit the gnoll.
The gnoll is moderately wounded.
The gnoll barely misses you.
You closely miss the gnoll.
The gnoll is moderately wounded.
The gnoll hits you but does no damage. x2
You hit the gnoll.
The gnoll is heavily wounded.
The gnoll closely misses you.
You hit the gnoll.
The gnoll is severely wounded.
The gnoll hits you with a +0 whip of electrocution.
* * * LOW HITPOINT WARNING * * *
You barely miss the gnoll.
The gnoll is severely wounded.
The gnoll hits you but does no damage.
The gnoll hits you with a +0 whip of electrocution.
* * * LOW HITPOINT WARNING * * *
You barely miss the gnoll.
The gnoll is severely wounded.
The gnoll hits you with a +0 whip of electrocution.
You die...

#.# #..# #g#
#... #.# ##.##
####g# #.#
#....# #.####
##.## ####.
#...####......
#.#.)@g..# #.#
#...###### #.#
##### #.# #.#
#.# #.#
#.##.###.
#<.......
####.####


You could see a gnoll.

Vanquished Creatures
  An adder (D:2)
  3 gnolls
  2 bats (D:1)
  An endoplasm (D:1)
  A giant cockroach (D:1)
  A goblin (D:1)
  2 jackals (D:1)
  A quokka (D:1)
  A ball python (D:1)
  A frilled lizard (D:1)
  3 rats
17 creatures vanquished.

Notes
Turn   | Place    | Note
-------+----------+-------------------------------------------
     0 | D:1      | jlumianski the Demonspawn Gladiator began the quest for the
                  | Orb.
     0 | D:1      | Reached XP level 1. HP: 16/16 MP: 1/1
    77 | D:1      | Found a faded altar of an unknown god.
   161 | D:2      | Reached skill level 3 in Axes
   314 | D:1      | Gained mutation: You are partially covered in yellow
                  | scales. (AC +2) [demonic ancestry]
   314 | D:1      | Reached XP level 2. HP: 20/22 MP: 2/2
  1079 | D:1      | Gained mutation: You are mostly covered in yellow scales.
                  | (AC +3) [demonic ancestry]
  1079 | D:1      | Reached XP level 3. HP: 17/28 MP: 3/3
  1346 | D:1      | Reached skill level 1 in Armour
  1510 | D:2      | Slain by a gnoll

Illustrated notes

Levels and vault maps discovered:
D:1:      dpeg_arrival_solitude, layout_basic,
          hellmonk_ecumenical_altar_lost_god
D:2:      layout_loops_ring, basic_altar, minmay_strange_pillars

Skill      XL: |  1  2  3 |
---------------+----------+-----
Axes           | 3 |  3.4
Throwing       | 2 |  2.0
Armour         | 1 |  1.1
Fighting       | |  2.3
Dodging        | |  2.9

Action                   || total
-------------------------++-------
Melee: War axe           ||    51
       Punch             ||     2
Armor: Scale mail        ||    34
       Leather armour    ||     3
Dodge: Dodged            ||    44

Table legend: (Time is in decaauts)
 A = Elapsed time spent in this place.
 B = Non-inter-level travel time spent in this place.
 C = Inter-level travel time spent in this place.
 D = Time resting spent in this place.
 E = Time spent auto-exploring this place.
 F = Levels seen in this place.
 G = Mean time per level.
                   A        B        C        D        E       F      G
               +--------+--------+--------+--------+--------+-----+--------+
         Total |   1532 |   1532 |      0 |    464 |    651 |   2 |  766.0 |
       Dungeon |   1532 |   1532 |      0 |    464 |    651 |   2 |  766.0 |
               +--------+--------+--------+--------+--------+-----+--------+

Top non-repeatable levels by time:
     D:1: 1422 daAuts
     D:2: 109 daAuts
